SA
NIAGARA FALLS EXPOS @ GWINNETT COUNTY BLACK CATS
06/02/2034
 
TOP OF THE 1ST
Niagara Falls Expos batting - Pitching for Gwinnett County Black Cats : LHP Denie Ulderink
Pitching: LHP Denie Ulderink
Batting: LHB Barry Flauker 0-0: Swinging Strike
0-1: Ball
1-1: Called Strike
1-2: Strikes out swinging
Batting: RHB Yaakov Shmerkin 0-0: Ball
1-0: Ground out 5-3 (Groundball, 5)
Batting: RHB Arthur Chappell 0-0: Foul Ball, location: 2F
0-1: Fly out, F8 (Flyball, 78D)
Top of the 1st over - 0 runs, 0 hits, 0 errors, 0 left on base; Niagara Falls 0 - Gwinnett County 0
BOTTOM OF THE 1ST
Gwinnett County Black Cats batting - Pitching for Niagara Falls Expos : RHP Tung-chi Ran
Pitching: RHP Tung-chi Ran
Batting: RHB Colm Shapland 0-0: Called Strike
0-1: Ball
1-1: Foul Ball, location: 2F
1-2: Strikes out swinging
Batting: RHB Daniel Divina 0-0: Ball
1-0: Ball
2-0: Ball
3-0: Base on Balls
Batting: RHB Wade Tazewell 0-0: Called Strike
Daniel Divina is caught stealing 2nd base
0-1: Fly out, F8 (Line Drive, 89D)
Bottom of the 1st over - 0 runs, 0 hits, 0 errors, 0 left on base; Niagara Falls 0 - Gwinnett County 0
TOP OF THE 2ND
Niagara Falls Expos batting - Pitching for Gwinnett County Black Cats : LHP Denie Ulderink
Batting: RHB Cedric Terriquez 0-0: Called Strike
0-1: Swinging Strike
0-2: Ball
1-2: Ball
2-2: Ground out 4-3 (Groundball, 4MS)
Batting: RHB António Valentín 0-0: Called Strike
0-1: Ball
1-1: Foul Ball, location: 2F
1-2: Ball
2-2: Fly out, F8 (Line Drive, 8RD)
Batting: RHB Dale Doney 0-0: Called Strike
0-1: Foul Ball, location: 2F
0-2: Ball
1-2: Foul Ball, location: 2F
1-2: Strikes out looking
Top of the 2nd over - 0 runs, 0 hits, 0 errors, 0 left on base; Niagara Falls 0 - Gwinnett County 0
BOTTOM OF THE 2ND
Gwinnett County Black Cats batting - Pitching for Niagara Falls Expos : RHP Tung-chi Ran
Batting: LHB Dean Jackson 0-0: Ball
1-0: Ball
2-0: Ball
3-0: Called Strike
3-1: Base on Balls
Batting: RHB Curt Taylor 0-0: Called Strike
0-1: Fly out, F8 (Flyball, 8LD)
Batting: LHB Jon Ellender 0-0: Called Strike
0-1: Fly out, F9 (Flyball, 9S)
Batting: SHB Javier Murillo 0-0: Swinging Strike
0-1: Fly out, F9 (Flyball, 89S)
Bottom of the 2nd over - 0 runs, 0 hits, 0 errors, 1 left on base; Niagara Falls 0 - Gwinnett County 0
TOP OF THE 3RD
Niagara Falls Expos batting - Pitching for Gwinnett County Black Cats : LHP Denie Ulderink
Batting: RHB Qi-chao Di 0-0: Called Strike
0-1: SOLO HOME RUN (Flyball, 7D), Distance : 405 ft
Batting: RHB Francisco Rodríguez 0-0: Hit by Pitch, AND HE CHARGES THE MOUND! The benches clear!
Pitching: RHP Ryan Smart
Pinch Runner at 1st Cord Hosenbeck:
Batting: RHB Darryl Edwards 0-0: Ball
1-0: Foul Ball, location: 2F
1-1: Ball
2-1: Ball
3-1: SINGLE (Flyball, 89S)
Cord Hosenbeck to second
Runner from 2nd tries for 3rd, OUT!
Batting: LHB Barry Flauker 0-0: Ball
1-0: Called Strike
1-1: Ball
2-1: SINGLE (Groundball, 4D)
Darryl Edwards to second
Runner from 2nd tries for 3rd, SAFE, no throw
Batting: RHB Yaakov Shmerkin 0-0: Ball
1-0: Called Strike
1-1: Called Strike
1-2: Ball
2-2: Fly out, F9 (Flyball, 89M)
Runner from 3rd tags up, OUT at HOME
Top of the 3rd over - 1 run, 3 hits, 0 errors, 1 left on base; Niagara Falls 1 - Gwinnett County 0
BOTTOM OF THE 3RD
Gwinnett County Black Cats batting - Pitching for Niagara Falls Expos : RHP Tung-chi Ran
Now at 2B: Cord Hosenbeck
Batting: RHB Charles Josse 0-0: Ball
1-0: Ball
2-0: Ball
3-0: Called Strike
3-1: Base on Balls
Batting: RHB Lex van Esch 0-0: Called Strike
0-1: Ball
1-1: Ball
2-1: Ball
3-1: Fly out, F5 (Popup, 15S)
Batting: RHB Colm Shapland 0-0: Called Strike
0-1: SINGLE (Groundball, 34S) (infield hit)
Charles Josse to second
Batting: RHB Daniel Divina 0-0: Foul Ball, location: 2F
0-1: Ball
1-1: Foul Ball, location: 2F
1-2: Foul Ball, location: 2F
1-2: Fly out, F7 (Flyball, 78M)
Batting: RHB Wade Tazewell 0-0: Foul Ball, location: 2F
0-1: Swinging Strike
0-2: Ball
1-2: Ball
2-2: Ground out 3-1 (Groundball, 2R)
Bottom of the 3rd over - 0 runs, 1 hit, 0 errors, 2 left on base; Niagara Falls 1 - Gwinnett County 0
TOP OF THE 4TH
Niagara Falls Expos batting - Pitching for Gwinnett County Black Cats : RHP Ryan Smart
Batting: RHB Arthur Chappell 0-0: Swinging Strike
0-1: Hit by Pitch
Batting: RHB Cedric Terriquez 0-0: Ball
1-0: Fly out, F3 (Popup, 4S)
Batting: RHB António Valentín 0-0: Called Strike
0-1: Foul Ball, location: 2F
0-2: Ball
1-2: Ball
2-2: Strikes out swinging
Batting: RHB Dale Doney 0-0: Ball
1-0: SINGLE (Flyball, 78S)
Arthur Chappell to second
Runner from 2nd tries for 3rd, SAFE, throw made to third
Batting: RHB Qi-chao Di 0-0: Ball
1-0: Foul Ball, location: 2F
1-1: Ball
2-1: Called Strike
2-2: Foul Ball, location: 2F
2-2: Foul Ball, location: 2F
2-2: Ball
3-2: Strikes out swinging
Top of the 4th over - 0 runs, 1 hit, 0 errors, 2 left on base; Niagara Falls 1 - Gwinnett County 0
BOTTOM OF THE 4TH
Gwinnett County Black Cats batting - Pitching for Niagara Falls Expos : RHP Tung-chi Ran
Batting: LHB Dean Jackson 0-0: Fly out, F8 (Flyball, 8RD)
Batting: RHB Curt Taylor 0-0: Ball
1-0: Ball
2-0: Ball
3-0: Called Strike
3-1: DOUBLE (Flyball, 78D)
Batting: LHB Jon Ellender 0-0: Ball
1-0: Ball
2-0: Called Strike
2-1: Ball
3-1: Base on Balls
Batting: SHB Javier Murillo 0-0: Foul Ball, location: 2F
0-1: Ball
1-1: Ball
2-1: Fly out, F9 (Flyball, 89M)
Batting: RHB Charles Josse 0-0: Reached on error, E6 (Groundball, 6S)
Curt Taylor to third
Jon Ellender to second
Batting: RHB Lex van Esch 0-0: Fly out, F9 (Flyball, 89S)
Bottom of the 4th over - 0 runs, 1 hit, 1 error, 3 left on base; Niagara Falls 1 - Gwinnett County 0
TOP OF THE 5TH
Niagara Falls Expos batting - Pitching for Gwinnett County Black Cats : RHP Ryan Smart
Batting: RHB Cord Hosenbeck 0-0: Ball
1-0: Called Strike
1-1: Ball
2-1: Foul Ball, location: 2F
2-2: SINGLE (Line Drive, 34D)
Batting: RHB Darryl Edwards 0-0: Bunted foul
0-1: Bunted foul
0-2: Foul Ball, location: 2F
0-2: Foul Ball, location: 2F
0-2: Ball
1-2: Strikes out swinging
Batting: LHB Barry Flauker 0-0: Ball
1-0: Called Strike
1-1: Fielders Choice at 2nd, 6-4 (Groundball, 6)
Batting: RHB Yaakov Shmerkin 0-0: Fly out, F5 (Line Drive, 56)
Top of the 5th over - 0 runs, 1 hit, 0 errors, 1 left on base; Niagara Falls 1 - Gwinnett County 0
BOTTOM OF THE 5TH
Gwinnett County Black Cats batting - Pitching for Niagara Falls Expos : RHP Tung-chi Ran
Batting: RHB Colm Shapland 0-0: Swinging Strike
0-1: Ball
1-1: Ball
2-1: SINGLE (Groundball, 4MD)
Batting: RHB Daniel Divina 0-0: Bunted foul
0-1: Sac Bunt - play at first, batter OUT! 1-4
Colm Shapland to second
Batting: RHB Wade Tazewell 0-0: Ball
1-0: Fly out, F9 (Flyball, 89S)
Batting: LHB Dean Jackson 0-0: Called Strike
0-1: Ground out 6-3 (Groundball, P)
Bottom of the 5th over - 0 runs, 1 hit, 0 errors, 1 left on base; Niagara Falls 1 - Gwinnett County 0
TOP OF THE 6TH
Niagara Falls Expos batting - Pitching for Gwinnett County Black Cats : RHP Ryan Smart
Batting: RHB Arthur Chappell 0-0: Ball
1-0: Swinging Strike
1-1: Foul Ball, location: 2F
1-2: DOUBLE (Line Drive, 8RXD)
Batting: RHB Cedric Terriquez 0-0: Called Strike
0-1: Ball
1-1: Ball
2-1: Swinging Strike
2-2: Ball
3-2: Base on Balls
Batting: RHB António Valentín 0-0: Called Strike
0-1: Foul Ball, location: 2F
0-2: Foul Ball, location: 2F
0-2: Strikes out swinging
Pitching: RHP Brian Guilbert
Batting: RHB Dale Doney 0-0: Ball
1-0: Ball
2-0: Ball
3-0: Foul Ball, location: 2F
3-1: SINGLE (Line Drive, 6M)
Arthur Chappell to third
Cedric Terriquez to second
Runner from 3rd tries for Home, throw and OUT!
Cedric Terriquez to third
Dale Doney to second
Batting: RHB Qi-chao Di 0-0: Swinging Strike
0-1: Foul Ball, location: 2F
0-2: Ball
1-2: Strikes out looking
Top of the 6th over - 0 runs, 2 hits, 0 errors, 2 left on base; Niagara Falls 1 - Gwinnett County 0
BOTTOM OF THE 6TH
Gwinnett County Black Cats batting - Pitching for Niagara Falls Expos : RHP Tung-chi Ran
Batting: RHB Curt Taylor 0-0: Ball
1-0: Swinging Strike
1-1: Foul Ball, location: 2F
1-2: Ground out 5-3 (Groundball, 56S)
Batting: LHB Jon Ellender 0-0: Ball
1-0: Called Strike
1-1: Ground out 6-3 (Groundball, 56)
Batting: SHB Javier Murillo 0-0: Ball
1-0: Called Strike
1-1: Ground out U3 (Groundball, 3)
Bottom of the 6th over - 0 runs, 0 hits, 0 errors, 0 left on base; Niagara Falls 1 - Gwinnett County 0
TOP OF THE 7TH
Niagara Falls Expos batting - Pitching for Gwinnett County Black Cats : RHP Brian Guilbert
Batting: RHB Cord Hosenbeck 0-0: Called Strike
0-1: Swinging Strike
0-2: Foul Ball, location: 2F
0-2: Strikes out swinging
Batting: RHB Darryl Edwards 0-0: Ball
1-0: Foul Ball, location: 2F
1-1: Ball
2-1: Called Strike
2-2: Foul Ball, location: 2F
2-2: Strikes out looking
Batting: LHB Barry Flauker 0-0: Ball
1-0: Ground out 5-3 (Groundball, 56)
Top of the 7th over - 0 runs, 0 hits, 0 errors, 0 left on base; Niagara Falls 1 - Gwinnett County 0
BOTTOM OF THE 7TH
Gwinnett County Black Cats batting - Pitching for Niagara Falls Expos : RHP Tung-chi Ran
Batting: RHB Charles Josse 0-0: Ball
1-0: Ground out 5-3 (Groundball, 56)
Batting: RHB Lex van Esch 0-0: Reached on error, E4 (Groundball, 4)
Batting: RHB Colm Shapland 0-0: SINGLE (Groundball, 34) (infield hit)
Lex van Esch to second
Batting: RHB Daniel Divina 0-0: Ball
1-0: Swinging Strike
1-1: Foul Ball, location: 2F
1-2: Ball
2-2: Ball
3-2: SINGLE (Groundball, 34D)
Lex van Esch to third
Colm Shapland to second
Batting: RHB Wade Tazewell 0-0: Ball
1-0: Ball
2-0: Fly out, F6 (Popup, 56S)
Batting: LHB Dean Jackson 0-0: Ball
1-0: Swinging Strike
1-1: Ball
2-1: Called Strike
2-2: Fly out, F9 (Flyball, 9LS)
Bottom of the 7th over - 0 runs, 2 hits, 1 error, 3 left on base; Niagara Falls 1 - Gwinnett County 0
TOP OF THE 8TH
Niagara Falls Expos batting - Pitching for Gwinnett County Black Cats : RHP Brian Guilbert
Batting: RHB Yaakov Shmerkin 0-0: Swinging Strike
0-1: Ball
1-1: Fly out, F7 (Flyball, 7)
Batting: RHB Arthur Chappell 0-0: Called Strike
0-1: Ball
1-1: Swinging Strike
1-2: Strikes out swinging
Batting: RHB Cedric Terriquez 0-0: Ball
1-0: Called Strike
1-1: Swinging Strike
1-2: Ball
2-2: Foul Ball, location: 2F
2-2: Ball
3-2: Foul Ball, location: 2F
3-2: Strikes out looking
Top of the 8th over - 0 runs, 0 hits, 0 errors, 0 left on base; Niagara Falls 1 - Gwinnett County 0
BOTTOM OF THE 8TH
Gwinnett County Black Cats batting - Pitching for Niagara Falls Expos : RHP Tung-chi Ran
Now at C: Du-yang Zhu
Batting: RHB Curt Taylor 0-0: Ground out 6-3 (Groundball, 56)
Batting: LHB Jon Ellender 0-0: Called Strike
0-1: Ball
1-1: Called Strike
1-2: Ground out 4-3 (Groundball, 4)
Batting: SHB Javier Murillo 0-0: Called Strike
0-1: Foul Ball, location: 2F
0-2: Strikes out looking
Bottom of the 8th over - 0 runs, 0 hits, 0 errors, 0 left on base; Niagara Falls 1 - Gwinnett County 0
TOP OF THE 9TH
Niagara Falls Expos batting - Pitching for Gwinnett County Black Cats : RHP Brian Guilbert
Pitching: RHP T.J. Juckson
Batting: RHB António Valentín 0-0: Swinging Strike
0-1: Ball
1-1: Ball
2-1: Fly out, F8 (Flyball, 8LS)
Batting: RHB Du-yang Zhu 0-0: SOLO HOME RUN (Flyball, 7D), Distance : 384 ft
Batting: RHB Qi-chao Di 0-0: Ball
1-0: Ball
2-0: Called Strike
2-1: Swinging Strike
2-2: Ball
3-2: Strikes out swinging
Batting: RHB Cord Hosenbeck 0-0: Called Strike
0-1: Fly out, F9 (Line Drive, 9LM)
Top of the 9th over - 1 run, 1 hit, 0 errors, 0 left on base; Niagara Falls 2 - Gwinnett County 0
BOTTOM OF THE 9TH
Gwinnett County Black Cats batting - Pitching for Niagara Falls Expos : RHP Tung-chi Ran
Pitching: RHP Nino Ghannam
Batting: RHB Charles Josse 0-0: TRIPLE (Flyball, 8LXD)
Batting: RHB Lex van Esch 0-0: Foul Ball, location: 2F
0-1: Foul Ball, location: 2F
0-2: Foul Ball, location: 2F
0-2: Ball
1-2: Strikes out swinging
Batting: RHB Colm Shapland 0-0: Ball
1-0: Ball
2-0: Ground out 1-3 (Groundball, 15)
Batting: RHB Daniel Divina 0-0: Called Strike
0-1: Called Strike
0-2: Ground out 1-3 (Groundball, 13S)
Bottom of the 9th over - 0 runs, 1 hit, 0 errors, 1 left on base; Niagara Falls 2 - Gwinnett County 0
Friday, March 29th, 2019 - OOTP Baseball 18.8 Build 76